AoeStats
← Arda Asar

Black Forest

510124560Analyzed
2v2 RM · 4d ago on Sep 29, 2026· 41m 4s· 4 players
Game mode
Random Map
Map size
Medium (4 player)
Population
200
Speed
Normal
Resources
Standard
Victory
Conquest
Starting age
Dark Age
Ending age
Imperial Age
RankedLock teamsTeams togetherTeam positionsShared explorationLock speedFull tech treeHidden civsTurbo modeCheats
Victory
Defeat
🇦🇷 Danes · Argentina
1603
+7
🇹🇷 Britons · Türkiye
1461
+11
🇷🇺 Hindustanis · Russia
1424
-11
🇷🇺 Danes · Russia
1312
-7
Arda Asar
0:26 Loom
12:54 Feudal Age
14:34 Wheelbarrow
13:44 Town Watch
13:45 Double-Bit Axe
13:50 Fishing Lines
19:45 Gold Mining
22:15 Castle Age
21:33 Fletching
21:44 Padded Archer Armor
23:40 Gillnets
24:38 Bow Saw
26:03 Gold Shaft Mining
25:18 Stone Mining
27:29 Hand Cart
32:20 Imperial Age
30:17 Treadmill Crane
30:48 Fortified Wall
30:50 Town Patrol
30:49 Bodkin Arrow
31:09 Leather Archer Armor
30:49 Bodkin Arrow
32:10 Yeomen
32:37 Leather Archer Armor
32:36 Forging
32:26 Scale Mail Armor
32:36 Forging
32:26 Scale Mail Armor
33:02 Ballistics
33:01 Gambesons
33:17 Squires
33:02 Arson
32:38 Man-at-Arms
34:32 Two-Man Saw
34:46 Iron Casting
34:11 Bracer
34:42 Ring Archer Armor
35:19 Chemistry
35:27 Coinage
34:30 Long Swordsman
35:29 Chain Mail Armor
35:53 Conscription
35:43 Warwolf
35:15 Two-Handed Swordsman
35:50 Elite Longbowman
37:07 Banking
36:50 Guilds
37:53 Hoardings
37:08 Champion
38:56 Blast Furnace
39:53 Plate Mail Armor
39:13 Horse Collar
40:22 Caravan
sales96
0:38 Loom
11:25 Feudal Age
11:30 Man-at-Arms
12:04 Double-Bit Axe
12:04 Horse Collar
20:17 Town Watch
23:35 Castle Age
23:19 Fletching
24:09 Scale Barding Armor
28:29 Wheelbarrow
29:35 Bow Saw
32:20 Bloodlines
32:26 Forging
33:44 Husbandry
33:40 Gold Mining
37:45 Imperial Age
35:58 Chain Barding Armor
35:41 Heavy Plow
36:18 Iron Casting
36:59 Gold Shaft Mining
35:56 Hamask
38:07 Scale Mail Armor
38:01 Stone Mining
39:35 Blast Furnace
37:57 Elite Jomsviking
38:53 Squires
38:39 Arson
39:27 Conscription
39:42 Chain Mail Armor
39:29 Caravan
40:32 Stone Shaft Mining
40:16 Hand Cart
41:04 Bodkin Arrow
[SDG]Koliasik
0:57 Loom
12:58 Feudal Age
17:59 Castle Age
19:06 Double-Bit Axe
22:45 Squires
25:35 Redemption
28:05 Sanctity
35:14 Imperial Age
35:27 Northmen's Fury
36:38 Onager
37:42 Northmen's Fury
38:31 Siege Engineers
40:20 Chemistry
39:14 Horse Collar
Landau
0:48 Loom
14:21 Feudal Age
21:17 Castle Age
29:55 Town Watch
31:39 Horse Collar
35:34 Masonry
39:00 Imperial Age
37:07 Fortified Wall
39:25 Fletching
39:35 Padded Archer Armor
40:08 Double-Bit Axe
41:46 Chemistry
40:46 Elite Skirmisher
Connection lost

Rejoining the realm…

Still unreachable

The connection could not be restored.

Session expired

The server has moved on; the page needs a fresh start.